 Dungeon Crawl Stone Soup version 0.31-a0-764-g8440623082 (webtiles) character file.

Game seed: 4129845399570754856

3738 Malachi the Grappler (level 10, -6/52 (58) HPs)
             Began as an Octopode Shapeshifter on Sept 15, 2023.
             Was a High Priest of Cheibriados.
             Mangled by a wight
             ... wielding a +3 great sword
              (23 damage)
             ... on level 8 of the Dungeon.
             The game lasted 00:11:36 (7615 turns).

Malachi the Grappler (Octopode Shapeshifter)        Turns: 7615, Time: 00:11:37

HP:   -6/52 (58)    AC:  1    Str: 30    XL:     10   Next: 15%
MP:   13/13         EV: 22    Int: 32    God:    Cheibriados [*****.]
Gold: 1649          SH:  0    Dex: 25    Spells: 9/9 levels left

rFire   + .          .
                       - Unarmed
rCold   . . .        (no shield)
rNeg    . . .        (helmet currently unavailable)
rPois   .            (no amulet)
rElec   .            e - +5 ring of evasion
rCorr   .            p - ring of protection from fire
SInv    .            y - +6 ring of intelligence
Will    .....        v - +4 ring of slaying
Stlth   +++++        (no ring)
HPRegen 0.28/turn    (no ring)
MPRegen 0.13/turn    (no ring)
                     (no ring)

%: no passive effects
@: beast-form, heavily drained, very slow
A: beast (slay +4), almost no armour, amphibious, 8 rings, camouflage 1,
gelatinous body 1, (nimble swimmer 1), tentacles
a: Begin Untransformation, Renounce Religion, Bend Time, Temporal Distortion,
Slouch, Step From Time


You were on level 8 of the Dungeon.
You worshipped Cheibriados.
Cheibriados was extremely pleased with you.
You were a hulking beast.
You visited 1 branch of the dungeon, and saw 8 of its levels.

You collected 1649 gold pieces.

Inventory:

Hand Weapons
 q - a +2 dagger of protection
Jewellery
 e - a +5 ring of evasion (left tentacle)
 p - a ring of protection from fire (right tentacle)
 v - a +4 ring of slaying (on tentacle)
 y - a +6 ring of intelligence (on tentacle)
Talismans
 b - a beast talisman (active)
 c - a flux talisman
 s - a maw talisman
Wands
 g - a wand of flame (26)
 t - a wand of digging (6)
Scrolls
 f - a scroll of amnesia
 i - 2 scrolls of immolation
 k - 2 scrolls of poison
 l - a scroll of enchant weapon {unknown}
 n - a scroll of blinking
 r - a scroll of noise
 x - a scroll of fear
Potions
 a - 2 potions of lignification
 d - 2 potions of attraction
 h - 2 potions of might
 j - 2 potions of curing
 m - a potion of enlightenment {unknown}
 w - a potion of invisibility {unknown}


   Skills:
 - Level 1.0 Fighting
 + Level 5.1 Dodging
 + Level 6.5 Stealth
 - Level 10.0 Unarmed Combat
 * Level 4.9 Invocations
 * Level 7.0 Shapeshifting


You had 9 spell levels left.
You didn't know any spells.
Your spell library contained the following spells:

 Spells                   Type           Power      Damage    Failure   Level
 Scorch                   Fire           0%         2d5       13%         2
 Sublimation of Blood     Necr           0%         N/A       13%         2
 Flame Wave               Conj/Fire      0%         2d4       63%         4
 Petrify                  Tmut/Erth      0%         N/A       63%         4
 Irradiate                Conj/Tmut      0%         3d11      93%         5
 Conjure Ball Lightning   Conj/Air       0%         3x3d6     100%        6
 Summon Cactus Giant      Summ           0%         N/A       100%        6
 Discord                  Hex            0%         N/A       100%        8
 Disjunction              Tloc           0%         N/A       100%        8


Dungeon Overview and Level Annotations

Branches:
Dungeon (8/15)             Temple (0/1) D:7
   Lair: D:8-11

Altars:
Cheibriados
Dithmenos
Elyvilon
Fedhas
Kikubaaqudgha
Makhleb
Nemelex Xobeh
Okawaru
Qazlal
Ru
Wu Jian

Shops:
D:6 [


Innate Abilities, Weirdness & Mutations

You are a hulking beast.
Your limbs bulge with bestial killing power. (Slay +4)
You cannot wear most types of armour.
You are amphibious.
You can wear up to eight rings at the same time.
Your skin changes colour to match your surroundings (Stealth+).
Your rubbery body absorbs attacks. (AC +1, EV +1)
((You are camouflaged when in or above water. (Stealth+)))
You have tentacles for arms and can constrict up to eight enemies at once.


Message History

HP restored.
A wight is nearby!
A wight is nearby!
What are your orders? t - Shout!
Orders for allies: a - Attack new target. r - Retreat! s - Stop attacking. g - Guard the area. f - Follow me.
Anything else - Cancel.
You shout for attention!
The wight completely misses you.
The wight hits you from afar with a +2 spear of venom!
You feel drained.
You are poisoned.
The wight closely misses you. The wight completely misses you.
The wight hits you with a +0 halberd!
You feel drained.
You batter the wight!!
You destroy the wight!
Cheibriados thoroughly appreciates the change of pace.
You feel very sick.
Your Shapeshifting skill increases to level 7!
You are too injured to fight recklessly!
You are too injured to fight recklessly!
You are too injured to fight recklessly!
You feel very sick. The wight barely misses you.
The wight hits you with a +2 spear of venom!
* * * LOW HITPOINT WARNING * * *
You feel drained.
* * * LOW HITPOINT WARNING * * *
You are lethally poisoned!
The wight completely misses you.
You barely miss the wight. You grab the wight. You constrict the wight.
* * * LOW HITPOINT WARNING * * *
You feel very sick. The wight misses you. x2
Unknown command.
You feel better.
You constrict the wight. The wight barely misses you.
The wight hits you with a +3 great sword!!
You die...

#.########## ###
#########.......##..
...##.(.....#...........
.............#..........
.............)..........
.............#).....####
............##########..
......z.....##......##..
......zh.....#.........(
...##...z....#..........
. #.....)..#..........
..........#..........
...........#..........
....P.......##......##..
.P..........############
..P.P...P.... #... #...


You could see 3 wights.

Vanquished Creatures
  A komodo dragon (D:8)
  Prince Ribbit (D:8)
  A wraith (D:8)
  2 vampire mosquitoes (D:8)
  3 steam dragons (D:7)
  2 water moccasins (D:6)
  An orc warrior (D:8)
  2 black bears
  An ice beast (D:6)
  2 ogres
  2 phantoms
  2 kobold brigands (D:6)
  3 bullfrogs
  2 scorpions
  2 wights (D:8)
  An electric eel (D:6)
  7 hounds
  4 orc priests
  A sleepcap (D:7)
  A gnoll bouda (D:6)
  4 jellies
  2 iguanas (D:6)
  8 orc wizards
  Robin (D:4)
  6 gnolls
  8 adders
  2 shadow imps (D:7)
  A white imp (D:6)
  An ufetubus (D:4)
  3 worms
  3 dart slugs
  17 orcs
  7 ball pythons
  4 bats
  7 endoplasms
  2 giant cockroaches
  16 goblins
  14 hobgoblins
  8 jackals
  9 quokkas
  4 frilled lizards
  14 kobolds
  5 rats
187 creatures vanquished.

Notes
Turn   | Place    | Note
-------+----------+-------------------------------------------
     0 | D:1      | Malachi the Octopode Shapeshifter began the quest for the
                  | Orb.
     0 | D:1      | Reached XP level 1. HP: 13/13 MP: 1/1
    84 | D:1      | Reached XP level 2. HP: 17/18 MP: 2/2
   270 | D:1      | Reached skill level 4 in Unarmed Combat
   294 | D:1      | Reached XP level 3. HP: 22/23 MP: 3/3
   739 | D:2      | Found a faded altar of an unknown god.
   753 | D:2      | Prayed at the altar of an unknown god.
   753 | D:2      | Became a worshipper of Cheibriados the Contemplative
   753 | D:2      | Reached * piety under Cheibriados
  1220 | D:2      | Reached XP level 4. HP: 28/28 MP: 4/4
  1520 | D:3      | Reached skill level 5 in Unarmed Combat
  1695 | D:3      | Reached ** piety under Cheibriados
  2067 | D:3      | Reached XP level 5. HP: 33/33 MP: 5/5
  2258 | D:3      | Found a sparkling altar of Nemelex Xobeh.
  2323 | D:3      | Found a burning altar of Makhleb.
  2518 | D:4      | Reached skill level 6 in Unarmed Combat
  2602 | D:4      | Noticed a phantom
  2710 | D:4      | Killed a phantom
  2711 | D:4      | Reached XP level 6. HP: 34/38 MP: 6/6
  2736 | D:4      | Reached skill level 7 in Unarmed Combat
  2788 | D:4      | Reached *** piety under Cheibriados
  2891 | D:4      | Noticed Robin
  2918 | D:4      | Killed Robin
  3050 | D:5      | Entered Level 5 of the Dungeon
  3350 | D:5      | Reached XP level 7. HP: 28/43 MP: 7/7
  3598 | D:5      | Reached skill level 8 in Unarmed Combat
  3839 | D:5      | Reached **** piety under Cheibriados
  3871 | D:5      | Found an iron altar of Okawaru.
  4435 | D:6      | Reached skill level 9 in Unarmed Combat
  4574 | D:6      | Reached XP level 8. HP: 39/48 MP: 8/8
  4646 | D:6      | Found a shadowy altar of Dithmenos.
  4659 | D:6      | Reached skill level 10 in Unarmed Combat
  5070 | D:6      | Reached skill level 1 in Stealth
  5429 | D:6      | Reached ***** piety under Cheibriados
  5491 | D:6      | Reached skill level 1 in Invocations
  5576 | D:6      | Reached XP level 9. HP: 53/53 MP: 8/10
  5594 | D:6      | Identified a scroll of acquirement
  5594 | D:6      | Acquired 971 gold pieces
  5683 | D:6      | Found a blossoming altar of Fedhas.
  5792 | D:6      | Found Wada's Dragon-Slaying Spoils.
  5836 | D:6      | Found a white marble altar of Elyvilon.
  6047 | D:7      | Reached skill level 5 in Shapeshifting
  6166 | D:7      | Found a staircase to the Ecumenical Temple.
  6187 | D:7      | Found an ancient bone altar of Kikubaaqudgha.
  6237 | D:7      | Found a sacrificial altar of Ru.
  6519 | D:7      | Found an ornate altar of the Wu Jian Council.
  6537 | D:7      | Reached skill level 5 in Stealth
  6798 | D:7      | Found a stormy altar of Qazlal.
  7153 | D:8      | Noticed Prince Ribbit
  7166 | D:8      | Killed Prince Ribbit
  7452 | D:8      | Reached skill level 5 in Dodging
  7452 | D:8      | Reached XP level 10. HP: 58/58 MP: 13/13
  7615 | D:8      | Mangled by a wight

Illustrated notes

Levels and vault maps discovered:
D:1:      tarquinn_simple_flora_water_d, layout_loops_ring
D:2:      layout_loops_cross, basic_ecumenical_altar
D:3:      layout_loops_ring, overflow_temple_1_default,
          nemelex_diamond_rough_becter
D:4:      minmay_polygon_palace, layout_gridville, uniq_robin
D:5:      layout_layer_cave, okawaru_trees_1, hangedman_decor_push, minivault_24
D:6:      layout_cave_pools, mainiacjoe_overflow_alcove_4,
          amcnicky_altar_gilded, grunt_dithmenos_smoke,
          nicolae_shop_dragon_depot, chequers_big_river,
          minmay_fractal_squares_gapless_5
D:7:      layout_basic, general_overflow_altar,
          mainiacjoe_overflow_six_doors_small, mainiacjoe_overflow_tiny_flanked,
          kennysheep_mini, minmay_temple_entry_gardened_gates,
          serial_corexii_hall, chequers_hall_statues_corner_a,
          chequers_hall_statues_corner_a, corexii_hall_statues_u,
          serial_bayou_pond_e
D:8:      layout_gridville, grunt_lair_entry_orc_guard_hut, uniq_prince_ribbit1

Skill      XL: |  1  2  3  4  5  6  7  8  9 10 |
---------------+-------------------------------+-----
Unarmed Combat | 4 5 6 7 9 10 | 10.0
Stealth        | 3 6 |  6.5
Shapeshifting  | 4 6 7 |  7.0
Dodging        | 3 5 |  5.1
Invocations    | 1 4 |  4.9
Fighting       | |  1.0

Action                     |  1- 3 |  4- 6 |  7- 9 | 10-12 || total
---------------------------+-------+-------+-------+-------++-------
  Melee: Unarmed           |    36 |   121 |   151 |     8 ||   316
         Tentacles         |    13 |    13 |    26 |     3 ||    55
         Constrict         |    19 |    27 |    33 |     1 ||    80
         Short sword       |    42 |       |       |       ||    42
         Punch             |     2 |     4 |    17 |       ||    23
  Evoke: Wand              |       |       |     3 |       ||     3
    Use: Potion            |     1 |       |       |     1 ||     2
         Scroll            |       |       |    17 |       ||    17
   Stab: Sleeping          |     7 |     6 |     9 |       ||    22
         Distracted        |       |       |     1 |       ||     1
 Armour: Skin              |    29 |    46 |    49 |     7 ||   131
  Dodge: Dodged            |    38 |    92 |   142 |    16 ||   288

Table legend: (Time is in decaauts)
 A = Elapsed time spent in this place.
 B = Non-inter-level travel time spent in this place.
 C = Inter-level travel time spent in this place.
 D = Time resting spent in this place.
 E = Time spent auto-exploring this place.
 F = Levels seen in this place.
 G = Mean time per level.
                   A        B        C        D        E       F      G
               +--------+--------+--------+--------+--------+-----+--------+
         Total |  10284 |   9969 |    315 |   1749 |   6672 |   8 | 1285.5 |
       Dungeon |  10284 |   9969 |    315 |   1749 |   6672 |   8 | 1285.5 |
               +--------+--------+--------+--------+--------+-----+--------+

Top non-repeatable levels by time:
     D:6: 2058 daAuts
     D:5: 2016 daAuts
     D:7: 1589 daAuts
     D:3: 1278 daAuts
     D:2: 1009 daAuts
     D:8: 858 daAuts
     D:4: 748 daAuts
     D:1: 725 daAuts
